 Dungeon Crawl Stone Soup version 0.21.1-1-g345015f (webtiles) character file.

6274 Lurcharcal the Spear-Bearer (level 10, -9/111 HPs)
             Began as a Grey Draconian Transmuter on May 28, 2018.
             Was a Believer of the Shining One.
             Mangled by a two-headed ogre
             ... wielding a +0 giant club
              (13 damage)
             ... on level 8 of the Dungeon.
             The game lasted 00:52:04 (6455 turns).

Lurcharcal the Spear-Bearer (DrTm)                  Turns: 6455, Time: 00:52:05

Health: -9/111     AC: 25    Str: 15    XL:     10   Next: 63%
Magic:  28/28      EV:  2    Int: 13    God:    the Shining One [**....]
Gold:   553        SH:  0    Dex: 15    Spells: 14/21 levels left

rFire    + . .     SeeInvis .   f - +3 spear (pierce)
rCold    + . .     Gourm    .   (no shield)
rNeg     + + +     Faith    .   (armour unavailable)
rPois    +         Spirit   .   (helmet currently unavailable)
rElec    +         Reflect  .   (cloak currently unavailable)
rCorr    +         Harm     .   (gloves currently unavailable)
MR       .....     NoTele   +   (boots currently unavailable)
Stlth    +.........             (no amulet)
HPRegen  0.28/turn              e - ring of magical power
MPRegen  0.21/turn              t - ring of wizardry

@: tree-form, resistant, glowing
A: (walk through water), unfitting armour, agile 1, frail 1, AC +12
a: Divine Shield, Renounce Religion


You were on level 8 of the Dungeon.
You worshipped the Shining One.
The Shining One was pleased with you.
You were not hungry.
You were a tree.
You visited 2 branches of the dungeon, and saw 9 of its levels.

You collected 553 gold pieces.

Inventory:

Hand Weapons
 f - a +3 spear of piercing (weapon)
Missiles
 a - 121 arrows
Armour
 d - a +1 cloak (melded)
Jewellery
 e - a ring of magical power (left branch)
 t - a ring of wizardry (right branch)
Scrolls
 g - 8 scrolls of remove curse
 l - 2 scrolls of amnesia
 p - a scroll of identify
 q - a scroll of teleportation
 r - a scroll of magic mapping
Potions
 h - a potion of haste
 j - a potion of cancellation
 m - 2 potions of flight
 o - a potion of lignification
Books
 b - a book of Changes

   Spells                             Type                      Level
   a - Beastly Appendage              Transmutation                1
   b - Sticks to Snakes               Transmutation                2
   c - Spider Form                    Transmutation/Poison         3
   d - Ice Form                       Ice/Transmutation            4
   e - Blade Hands                    Transmutation                5
 i - a Fen Folio

   Spells                             Type                      Level
   a - Corpse Rot                     Necromancy                   2
   b - Stone Arrow                    Conjuration/Earth            3
   c - Leda's Liquefaction            Hexes/Earth                  4
   d - Summon Forest                  Summoning/Translocation      5
   e - Hydra Form                     Transmutation                6
   f - Summon Hydra                   Summoning                    7
Comestibles
 c - 14 rations
 k - a chunk of flesh


   Skills:
 + Level 6.2 Fighting
 * Level 10.5 Polearms
 + Level 5.9 Dodging
 - Level 0.1 Stealth
 - Level 3.1 Unarmed Combat
 + Level 6.0 Spellcasting
 * Level 8.6 Transmutations


You had 14 spell levels left.
You knew the following spells:

 Your Spells              Type           Power        Failure   Level  Hunger
a - Beastly Appendage     Tmut           ####..       1%          1    None
b - Hydra Form            Tmut           ####......   28%         6    #######


Dungeon Overview and Level Annotations

Branches:
Dungeon (8/15)             Temple (1/1) D:5
   Lair: D:8-11

Altars:
Ashenzari
Cheibriados
Dithmenos
Elyvilon
Fedhas
Gozag
Hepliaklqana
Makhleb
Nemelex Xobeh
Okawaru
Qazlal
Ru
Sif Muna
Trog
Uskayaw
Vehumet
Wu Jian
Xom
Yredelemnul
The Shining One


Innate Abilities, Weirdness & Mutations

((You can walk through water.))
((Your dull iron-grey scales are very hard. (AC +12)))
You cannot fit into any form of body armour.
((You can survive without breathing.))
((You are cold-blooded and may be slowed by cold attacks.))
You are agile. (Dex +2)
You are frail. (-10% HP)


Message History

The Shining One protects you from harm!
The two-headed ogre hits you but does no damage.
The gnoll hits you but does no damage.
You hit the two-headed ogre but do no damage.
The two-headed ogre is heavily wounded.
You puncture the two-headed ogre!
The two-headed ogre is severely wounded.
You hit the two-headed ogre.
The two-headed ogre is severely wounded.
The gnoll hits you but does no damage.
The two-headed ogre hits you but does no damage.
The two-headed ogre completely misses you.
You hit the two-headed ogre.
The two-headed ogre is almost dead.
You hit the two-headed ogre.
The two-headed ogre is almost dead.
The gnoll hits you but does no damage.
The two-headed ogre hits you but does no damage.
The two-headed ogre hits you with a giant club!
You die...

......#
#.....##
.......#
#......##
##......'.
.o.....#
#gg....#
#O#o####
#♣#.#..
#.#.#.######
#.#.#......#
#......###.##
#....)..#...#
#...).......#
#.....÷.....#
#....<....#.#
##..###...#.#


You could see a two-headed ogre, 2 gnolls and an orc.

Vanquished Creatures
  A hornet (D:7)
  Eustachio (D:4)
  An acid dragon (D:8)
  A water moccasin (D:5)
  Duvessa (D:6)
  2 black bears (D:6)
  2 sky beasts
  An orc warrior (D:8)
  An ice beast (D:6)
  2 phantoms
  A centaur (D:5)
  5 ogres
  2 bullfrogs
  A gnoll sergeant (D:8)
  Dowan (D:6)
  3 scorpions
  2 killer bees (D:6)
  3 crimson imps
  A quasit (D:7)
  5 hounds
  2 orc priests
  A jelly (D:5)
  An orc wizard (D:8)
  A bullfrog skeleton (D:7)
  An iguana (D:8)
  8 worker ants
  A howler monkey zombie (D:7)
  A worker ant zombie (D:6)
  6 gnolls
  9 adders
  A shadow imp (D:5)
  An ooze (D:2)
  2 adder skeletons
  A worm (D:6)
  5 dart slugs
  3 leopard geckos
  12 orcs
  6 giant cockroaches
  3 hobgoblins
  3 jackals (D:5)
  7 quokkas
  A ball python (D:3)
  A ball python skeleton (D:2)
  5 bats
  5 frilled lizards
  2 goblins (D:1)
  A jackal skeleton (D:4)
  2 kobolds
  A quokka skeleton (D:6)
  4 rats
  2 butterflies (D:6)
136 creatures vanquished.

Notes
Turn   | Place    | Note
-------+----------+-------------------------------------------
     0 | D:1      | Lurcharcal the Draconian Transmuter began the quest for the Orb.
     0 | D:1      | Reached XP level 1. HP: 16/16 MP: 3/3
   288 | D:1      | Reached XP level 2. HP: 17/23 MP: 3/5
   953 | D:2      | Reached skill level 1 in Polearms
  1034 | D:2      | Found a white marble altar of Elyvilon.
  1041 | D:2      | Became a worshipper of Elyvilon the Healer
  1418 | D:2      | Reached XP level 3. HP: 28/28 MP: 4/6
  1773 | D:3      | Found an opulent altar of Gozag.
  1809 | D:3      | Reached * piety under Elyvilon
  2132 | D:3      | Reached XP level 4. HP: 30/35 MP: 5/7
  2235 | D:3      | Found a basalt altar of Yredelemnul.
  2288 | D:3      | Found a faded altar of an unknown god.
  2388 | D:3      | Gained mutation: You are frail. (-10% HP) [potion of mutation]
  2388 | D:3      | Gained mutation: You are agile. (Dex +2) [potion of mutation]
  2415 | D:3      | Found an ornate altar of the Wu Jian Council.
  2527 | D:3      | Found a radiant altar of Vehumet.
  2679 | D:4      | Reached skill level 2 in Polearms
  2716 | D:4      | Reached ** piety under Elyvilon
  2717 | D:4      | Noticed Eustachio
  2722 | D:4      | Noticed a phantom
  2788 | D:4      | Killed Eustachio
  2788 | D:4      | Reached skill level 3 in Polearms
  2788 | D:4      | Reached XP level 5. HP: 19/36 MP: 9/9
  2834 | D:4      | Noticed an ogre
  2870 | D:4      | HP: 1/36 [ogre/giant club (11)]
  2872 | D:4      | Killed an ogre
  2872 | D:4      | Reached XP level 6. HP: 26/43 MP: 10/10
  2959 | D:4      | Reached skill level 4 in Polearms
  2991 | D:4      | Found a hide-covered altar of Uskayaw.
  3292 | D:4      | Found an iron altar of Okawaru.
  3443 | D:5      | Entered Level 5 of the Dungeon
  3457 | D:5      | Your scales start taking on a dull iron-grey colour.
  3457 | D:5      | Reached XP level 7. HP: 13/50 MP: 12/12
  3457 | D:5      | Gained mutation: You can survive without breathing. [Grey Draconian growth]
  3617 | D:5      | Reached skill level 5 in Polearms
  4044 | D:5      | Found a staircase to the Ecumenical Temple.
  4085 | D:5      | Found a shadowy altar of Dithmenos.
  4124 | D:5      | Reached skill level 6 in Polearms
  4272 | D:5      | Reached *** piety under Elyvilon
  4362 | D:5      | Found a shattered altar of Ashenzari.
  4362 | D:5      | Found a stormy altar of Qazlal.
  4611 | D:5      | Reached XP level 8. HP: 56/56 MP: 13/13
  4789 | Temple   | Entered the Ecumenical Temple
  5160 | D:6      | Found a glowing golden altar of the Shining One.
  5185 | D:6      | Fell from the grace of Elyvilon
  5185 | D:6      | Became a worshipper of the Shining One
  5185 | D:6      | Reached * piety under the Shining One
  5220 | D:6      | Reached skill level 5 in Transmutations
  5352 | D:6      | Reached ** piety under the Shining One
  5370 | D:6      | Reached skill level 7 in Polearms
  5380 | D:6      | Found a runed door.
  5394 | D:6      | Found a runed door.
  5552 | D:6      | Found a bloodstained altar of Trog.
  5571 | D:6      | Reached XP level 9. HP: 30/63 MP: 15/15
  5668 | D:6      | Noticed Dowan
  5669 | D:6      | Noticed Duvessa
  5686 | D:6      | Killed Duvessa
  5686 | D:6      | Reached skill level 8 in Polearms
  5693 | D:6      | Killed Dowan
  6159 | D:7      | Identified a scroll of acquirement
  6174 | D:7      | Learned a level 6 spell: Hydra Form
  6421 | D:8      | Reached skill level 10 in Polearms
  6421 | D:8      | Reached skill level 5 in Dodging
  6421 | D:8      | Reached XP level 10. HP: 19/74 MP: 19/19
  6430 | D:8      | Noticed a two-headed ogre
  6448 | D:8      | HP: 3/111 [two-headed ogre/giant club (4)]
  6450 | D:8      | The Shining One protects you from harm!
  6455 | D:8      | Mangled by a two-headed ogre

Skill      XL: |  1  2  3  4  5  6  7  8  9 |
---------------+----------------------------+-----
Polearms       | 1 3 4 6 7 10 | 10.5
Dodging        | 2 3 5 |  5.9
Spellcasting   | 3 4 6 |  6.0
Transmutations | 3 4 5 8 |  8.6
Fighting       | 2 3 6 |  6.2
Stealth        | |  0.1
Unarmed Combat | |  3.1

Action                   |  1- 3 |  4- 6 |  7- 9 | 10-12 || total
-------------------------+-------+-------+-------+-------++-------
Melee: Spear             |    77 |   107 |   353 |    29 ||   566
       Unarmed           |     6 |       |       |       ||     6
       Tailslap          |     9 |     8 |    40 |       ||    57
       Kick              |     6 |     8 |    35 |       ||    49
       Headbutt          |     2 |     9 |    23 |       ||    34
       Punch             |       |       |     2 |       ||     2
 Cast: Beastly Appendage |    21 |    11 |    36 |       ||    68
Invok: Lesser Healing    |       |     1 |       |       ||     1
  Use: Scroll            |     5 |     6 |    11 |       ||    22
       Potion            |       |     4 |     2 |     1 ||     7
  Eat: Chunk             |     4 |     4 |    10 |     1 ||    19
Armor: Skin              |    32 |    66 |   119 |    27 ||   244
Dodge: Dodged            |    67 |    45 |   237 |     9 ||   358
